Rangers vs Coyotes
Created - 11 février 2015 at 23:33
Goals
|
| Rangers |
1 |
1 |
3 |
5 |
| Coyotes |
0 |
1 |
2 |
3 |
|
Shots
|
| Rangers |
8 |
13 |
12 |
33 |
| Coyotes |
5 |
14 |
13 |
32 |
|
1st period
1. Rangers , Milan Lucic 22 (Brad Richards, Drew Stafford) at 3:12
Penalties :
Mike Cammalleri (NYR) for Hooking (Minor) at 8:03, Valtteri Filppula (NYR) for Tripping (Minor) at 10:44, Frans Nielsen (Ari) for Tripping (Minor) at 15:59
2nd period
2. Coyotes , Marian Gaborik 31 (Tim Connolly, Drew Miller) at 7:31
3. Rangers , Brad Richards 24 (Ryan Whitney) at 10:26
Penalties :
Radek Bonk (NYR) for Holding (Minor) at 1:02, Erik Christensen (Ari) for Hooking (Minor) at 13:16, Radek Bonk (NYR) for Roughing (Minor) at 15:41, Matt Greene (NYR) for Delaying the game (Minor) at 16:30
3rd period
4. Rangers , Patrice Bergeron 18 (Alexandre Burrows, Kimmo Timonen) at 2:04
5. Rangers , Mike Cammalleri 17 (Kimmo Timonen, Matt Greene) at 4:32
6. Coyotes , Frans Nielsen 23 (Drew Miller, Adrian Aucoin) at 13:31
7. Coyotes , Kurt Sauer 2 (Tim Connolly, Marian Gaborik) at 15:40
8. Rangers , Brad Richards 25 (Milan Lucic) at 19:45 (Empty Net)
Penalties :
Mark Fistric (NYR) for Interference (Minor) at 11:11
Goalie Stats
Henrik Lundqvist (NYR), 29 saves from 32 shots - (0,906), W, 16-25-5, 60:00 minutes
Ryan Miller (Ari), 28 saves from 32 shots - (0,875), L, 28-11-6, 59:44 minutes
Players Stats for Rangers
Player Name G A P +/- PIM S H SB GA TA FO MP PP MP PK MP
------------------------------------------------------------------------------------
Alexandre Burrows 0 1 1 0 0 1 2 1 1 0 1/2 13:22 0:03 1:34
Alexei Emelin 0 0 0 0 0 0 0 0 0 0 0/0 2:06 0:00 0:37
Brad Richards 2 1 3 2 0 7 0 0 1 0 13/25 22:12 2:11 5:13
Cam Barker 0 0 0 1 0 1 2 6 0 2 0/0 28:50 2:26 6:06
Drew Stafford 0 1 1 2 0 1 2 0 0 1 0/0 16:40 2:11 0:00
Igor Radulov 0 0 0 0 0 0 0 0 1 0 0/0 4:59 0:00 0:00
Jakob Silfverberg 0 0 0 0 0 3 0 1 0 0 0/0 11:18 0:03 0:00
Kimmo Timonen 0 2 2 2 0 0 1 2 0 1 0/0 21:41 1:32 4:38
Mark Fistric 0 0 0 -1 2 0 2 1 0 1 0/0 9:29 0:00 0:00
Matt Greene 0 1 1 2 2 1 2 0 0 0 0/0 20:43 1:32 3:26
Matt Read 0 0 0 0 0 2 1 2 0 0 0/1 15:43 1:44 0:00
Mike Cammalleri 1 0 1 0 2 5 1 2 1 0 0/0 18:14 1:44 2:15
Milan Lucic 1 1 2 2 0 2 2 0 2 0 2/7 25:26 2:11 5:02
Patrice Bergeron 1 0 1 0 0 5 1 0 0 0 5/10 19:59 1:44 3:52
Radek Bonk 0 0 0 0 4 1 2 0 0 1 3/6 12:19 0:03 0:30
Ryan Whitney 0 1 1 1 0 4 1 3 0 0 0/0 27:43 2:26 6:06
Staffan Kronwall 0 0 0 -1 0 0 0 1 0 1 0/0 10:03 0:00 0:34
Valtteri Filppula 0 0 0 0 2 0 2 0 1 0 0/4 7:13 0:00 1:52
Players Stats for Coyotes
Player Name G A P +/- PIM S H SB GA TA FO MP PP MP PK MP
------------------------------------------------------------------------------------
Adrian Aucoin 0 1 1 -1 0 0 3 1 0 0 0/0 20:06 5:06 0:00
Andy Sutton 0 0 0 1 0 0 1 0 0 0 0/0 13:36 0:00 2:02
Anton Stralman 0 0 0 -2 0 1 1 0 0 4 0/0 23:38 5:06 1:56
Chad Larose 0 0 0 1 0 1 3 0 0 0 0/1 13:27 0:02 1:58
Chris Stewart 0 0 0 -2 0 1 1 0 0 0 0/1 16:42 5:07 0:00
Denis Grebeshkov 0 0 0 -2 0 2 0 1 1 1 0/0 26:10 5:38 1:56
Drew Miller 0 2 2 1 0 3 3 0 1 0 0/2 17:55 0:36 2:05
Erik Christensen 0 0 0 0 2 1 1 0 2 0 2/2 12:52 4:58 0:52
Erik Cole 0 0 0 -2 0 2 2 0 1 0 1/1 13:10 0:00 1:24
Frans Nielsen 1 0 1 1 2 2 2 1 0 0 3/4 13:44 0:18 0:49
Kurt Sauer 1 0 1 0 0 3 1 2 0 0 0/0 19:46 0:00 2:02
Marian Gaborik 1 1 2 -1 0 5 1 0 1 1 1/3 20:41 5:35 0:00
Saku Koivu 0 0 0 -2 0 1 3 1 1 0 8/12 16:43 5:07 0:12
Sami Kapanen 0 0 0 0 0 3 2 0 0 0 0/0 6:56 0:00 0:00
Sergei Gonchar 0 0 0 0 0 2 0 0 0 0 0/0 16:44 5:38 0:00
Shawn Thornton 0 0 0 0 0 0 1 1 0 0 1/1 7:32 0:00 0:36
Tim Connolly 0 2 2 -1 0 2 1 1 0 1 15/28 20:09 5:19 0:00
Tyler Ennis 0 0 0 -1 0 3 1 1 0 0 0/0 16:09 5:10 0:00
3 Stars
1 - Brad Richards (NYR)
2 - Milan Lucic (NYR)
3 - Kimmo Timonen (NYR)
Power Play
Rangers - 0 on 2 Attempt(s) - 0,00%
Coyotes - 0 on 6 Attempt(s) - 0,00%
Penalty Kill
Rangers - 6 on 6 Attempt(s) - 100,00%
- Score 0 goal in Penalty Kill
Coyotes - 2 on 2 Attempt(s) - 100,00%
- Score 0 goal in Penalty Kill
Team Stat
Rangers - Hits : 21 - Faceoff Wins : 24 - Blocked Shots : 19 - Penalty Minutes : 12
Coyotes - Hits : 27 - Faceoff Wins : 31 - Blocked Shots : 9 - Penalty Minutes : 4
Official
Referees : Walsh Ian and Pollock Kevin
Linesman : Steve Barton and Mark Wheler
Game Notes
Brad Richards has scored in a empty net!
Finance
Level 1 -- Attendance: 4715 (78,58%) -- Ticket Income 424 350 $
Level 2 -- Attendance: 4986 (99,72%) -- Ticket Income 249 300 $
Level 3 -- Attendance: 1831 (91,55%) -- Ticket Income 54 930 $
Level 4 -- Attendance: 4000 (100,00%) -- Ticket Income 80 000 $
Luxury Box -- Attendance: 972 (97,20%) -- Ticket Income 157 464 $
Game was played at the The Pack Center'
Total Attendance: 16504 (91,69%)
Total Ticket Income: 966 044 $
Other Income: 144 907 $
Total Income: 1 110 951 $
Rangers
5 vs 5 Forward
Center Left Wing Right Wing Time % Phy DF OF
1 Brad Richards Milan Lucic Drew Stafford 40 1 2 2
2 Patrice Bergeron Mike Cammalleri Matt Read 30 1 2 2
3 Radek Bonk Alexandre Burrows Jakob Silfverberg 20 1 2 2
4 Valtteri Filppula Igor Radulov Milan Lucic 10 1 2 2
5 vs 5 Defense
Defense Defense Time % Phy DF OF
1 Cam Barker Ryan Whitney 40 1 2 2
2 Kimmo Timonen Matt Greene 30 1 2 2
3 Mark Fistric Staffan Kronwall 20 1 2 2
4 Alexei Emelin Cam Barker 10 1 2 2
PowerPlay Forward
Center Left Wing Right Wing Time % Phy DF OF
1 Brad Richards Milan Lucic Drew Stafford 60 1 2 2
2 Patrice Bergeron Mike Cammalleri Matt Read 40 1 2 2
PowerPlay Defense
Defense Defense Time % Phy DF OF
1 Cam Barker Ryan Whitney 60 1 2 2
2 Kimmo Timonen Matt Greene 40 1 2 2
Penalty Kill 4 Players Forward
Center Wing Time % Phy DF OF
1 Milan Lucic Brad Richards 60 1 2 2
2 Patrice Bergeron Mike Cammalleri 40 1 2 2
Penalty Kill 4 Players Defense
Defense Defense Time % Phy DF OF
1 Cam Barker Ryan Whitney 60 1 2 2
2 Kimmo Timonen Matt Greene 40 1 2 2
Penalty Kill - 3 Players Forward
Forward Time % Phy DF OF
1 Milan Lucic 60 1 2 2
2 Brad Richards 40 1 2 2
Penalty Kill - 3 Players Defense
Defense Defense Time % Phy DF OF
1 Cam Barker Ryan Whitney 60 1 2 2
2 Kimmo Timonen Matt Greene 40 1 2 2
4 vs 4 Forward
Center Wing Time % Phy DF OF
1 Milan Lucic Brad Richards 60 1 2 2
2 Patrice Bergeron Mike Cammalleri 40 1 2 2
4 vs 4 Defense
Defense Defense Time % Phy DF OF
1 Cam Barker Ryan Whitney 60 1 2 2
2 Kimmo Timonen Matt Greene 40 1 2 2
Last Minutes Offensive
Center Left Wing Right Wing Defense Defense
Brad Richards Milan Lucic Drew Stafford Cam Barker Ryan Whitney
Last Minutes Defensive
Center Left Wing Right Wing Defense Defense
Brad Richards Milan Lucic Drew Stafford Cam Barker Ryan Whitney
Goaltenders
Starting : Henrik Lundqvist
Backup : Hannu Toivonen
Extra Forwards
Normal : Alexandre Burrows, Radek Bonk, Valtteri Filppula - PP : Alexandre Burrows, Radek Bonk - PK : Valtteri Filppula
Extra Defensemen
Normal : Mark Fistric, Staffan Kronwall, Alexei Emelin - PP : Mark Fistric - PK : Staffan Kronwall, Alexei Emelin
Penalty Shots
Milan Lucic, Brad Richards, Patrice Bergeron, Mike Cammalleri, Drew Stafford
Coyotes
5 vs 5 Forward
Center Left Wing Right Wing Time % Phy DF OF
1 Tim Connolly Drew Miller Marian Gaborik 36 0 2 3
2 Frans Nielsen Tyler Ennis Chad Larose 28 1 2 2
3 Saku Koivu Erik Cole Chris Stewart 26 1 1 3
4 Erik Christensen Shawn Thornton Sami Kapanen 10 2 2 1
5 vs 5 Defense
Defense Defense Time % Phy DF OF
1 Denis Grebeshkov Kurt Sauer 38 0 3 2
2 Adrian Aucoin Anton Stralman 36 1 3 1
3 Sergei Gonchar Andy Sutton 25 1 3 1
4 Anton Stralman Denis Grebeshkov 1 1 1 3
PowerPlay Forward
Center Left Wing Right Wing Time % Phy DF OF
1 Tim Connolly Tyler Ennis Marian Gaborik 57 0 0 5
2 Saku Koivu Erik Christensen Chris Stewart 43 0 0 5
PowerPlay Defense
Defense Defense Time % Phy DF OF
1 Denis Grebeshkov Sergei Gonchar 57 0 0 5
2 Anton Stralman Adrian Aucoin 43 0 0 5
Penalty Kill 4 Players Forward
Center Wing Time % Phy DF OF
1 Drew Miller Chad Larose 56 0 5 0
2 Frans Nielsen Erik Cole 44 0 5 0
Penalty Kill 4 Players Defense
Defense Defense Time % Phy DF OF
1 Kurt Sauer Andy Sutton 56 0 5 0
2 Anton Stralman Denis Grebeshkov 44 0 5 0
Penalty Kill - 3 Players Forward
Forward Time % Phy DF OF
1 Drew Miller 53 0 5 0
2 Chad Larose 47 0 5 0
Penalty Kill - 3 Players Defense
Defense Defense Time % Phy DF OF
1 Andy Sutton Kurt Sauer 53 0 5 0
2 Anton Stralman Denis Grebeshkov 47 0 5 0
4 vs 4 Forward
Center Wing Time % Phy DF OF
1 Tim Connolly Marian Gaborik 52 0 1 4
2 Frans Nielsen Drew Miller 48 0 2 3
4 vs 4 Defense
Defense Defense Time % Phy DF OF
1 Kurt Sauer Anton Stralman 52 1 2 2
2 Denis Grebeshkov Sergei Gonchar 48 1 2 2
Last Minutes Offensive
Center Left Wing Right Wing Defense Defense
Tim Connolly Tyler Ennis Marian Gaborik Denis Grebeshkov Anton Stralman
Last Minutes Defensive
Center Left Wing Right Wing Defense Defense
Drew Miller Erik Cole Chad Larose Kurt Sauer Anton Stralman
Goaltenders
Starting : Ryan Miller
Backup : Marc Denis
Extra Forwards
Normal : Marian Gaborik, Tyler Ennis, Chris Stewart - PP : Marian Gaborik, Chris Stewart - PK : Drew Miller
Extra Defensemen
Normal : Denis Grebeshkov, Kurt Sauer, Anton Stralman - PP : Denis Grebeshkov - PK : Andy Sutton, Kurt Sauer
Penalty Shots
Marian Gaborik, Tyler Ennis, Chad Larose, Drew Miller, Tim Connolly
% Time on Ice - Rangers
Lines # - Real PCT - Wanted PCT - Time Play
Normal Forward
1 - 32% - 40% - 14:17
2 - 32% - 30% - 14:16
3 - 25% - 20% - 10:59
4 - 11% - 10% - 4:59
Normal Defense
1 - 42% - 40% - 18:33
2 - 35% - 30% - 15:22
3 - 21% - 20% - 9:29
4 - 3% - 10% - 1:07
PP Forward
1 - 56% - 60% - 2:14
2 - 44% - 40% - 1:44
PP Defense
1 - 61% - 60% - 2:26
2 - 39% - 40% - 1:32
PK Forward
1 - 70% - 60% - 6:44
2 - 30% - 40% - 2:50
PK Defense
1 - 55% - 60% - 5:18
2 - 45% - 40% - 4:16
PK3 Forward
1 - 83% - 60% - 0:58
2 - 17% - 40% - 0:12
PK3 Defense
1 - 69% - 60% - 0:48
2 - 31% - 40% - 0:22
44 Forward
1 - 0% - 60%
2 - 0% - 40%
44 Defense
1 - 0% - 60%
2 - 0% - 40%
Last Minute Offensive - 0:00
Last Minute Defensive - 0:47
Total
Forward - 60:00
Defense - 60:00
|
% Time on Ice - Coyotes
Lines # - Real PCT - Wanted PCT - Time Play
Normal Forward
1 - 33% - 36% - 14:41
2 - 26% - 28% - 11:31
3 - 25% - 26% - 11:20
4 - 16% - 10% - 6:56
Normal Defense
1 - 39% - 38% - 17:14
2 - 36% - 36% - 15:58
3 - 25% - 25% - 11:16
4 - 0% - 1% - 0:00
PP Forward
1 - 52% - 57% - 5:37
2 - 48% - 43% - 5:07
PP Defense
1 - 52% - 57% - 5:38
2 - 48% - 43% - 5:06
PK Forward
1 - 65% - 56% - 2:34
2 - 35% - 44% - 1:24
PK Defense
1 - 51% - 56% - 2:02
2 - 49% - 44% - 1:56
PK3 Forward
1 - 0% - 53%
2 - 0% - 47%
PK3 Defense
1 - 0% - 53%
2 - 0% - 47%
44 Forward
1 - 0% - 52%
2 - 0% - 48%
44 Defense
1 - 0% - 52%
2 - 0% - 48%
Last Minute Offensive - 0:50
Last Minute Defensive - 0:00
Total
Forward - 60:00
Defense - 60:00
|
Play by Play
1st period
0:01 of 1st period - Tim Connolly wins face-off versus Brad Richards in neutral zone.
0:37 of 1st period - Backhand shot by Mike Cammalleri.
0:37 of 1st period - Shot Blocked by Denis Grebeshkov.
1:11 of 1st period - Wrist shot by Milan Lucic.
1:11 of 1st period - Stopped by Ryan Miller without a rebound.
1:12 of 1st period - Tim Connolly wins face-off versus Valtteri Filppula in Coyotes zone.
1:39 of 1st period - Andy Sutton is hit by Mark Fistric.
2:04 of 1st period - Brad Richards is hit by Saku Koivu and loses puck.
3:12 of 1st period - Snap shot by Milan Lucic.
3:12 of 1st period - Goal by Milan Lucic - Rangers : 1 - Coyotes : 0.
3:13 of 1st period - Frans Nielsen wins face-off versus Patrice Bergeron in neutral zone.
3:16 of 1st period - Patrice Bergeron is hit by Chad Larose.
5:27 of 1st period - Matt Greene is hit by Kurt Sauer and loses puck.
6:17 of 1st period - Mark Fistric is hit by Chad Larose.
6:21 of 1st period - Adrian Aucoin is hit by Milan Lucic and loses puck.
6:36 of 1st period - Snap shot by Marian Gaborik.
6:36 of 1st period - Stopped by Henrik Lundqvist without a rebound.
6:37 of 1st period - Tim Connolly wins face-off versus Patrice Bergeron in Rangers zone.
6:38 of 1st period - Snap shot by Marian Gaborik.
6:38 of 1st period - Shot Hit the Post.
6:40 of 1st period - Slapshot by Denis Grebeshkov.
6:40 of 1st period - Shot Blocked by Cam Barker.
6:42 of 1st period - Slapshot by Marian Gaborik.
6:42 of 1st period - Shot Blocked by Matt Read.
6:44 of 1st period - Snap shot by Kurt Sauer.
6:44 of 1st period - Deflect By Marian Gaborik.
6:44 of 1st period - Stopped by Henrik Lundqvist with a rebound.
6:50 of 1st period - Snap shot by Marian Gaborik.
6:50 of 1st period - Shot Blocked by Cam Barker.
6:52 of 1st period - Snap shot by Drew Miller.
6:52 of 1st period - Shot Blocked by Ryan Whitney.
6:54 of 1st period - Wrist shot by Drew Miller.
6:54 of 1st period - Stopped by Henrik Lundqvist without a rebound.
6:55 of 1st period - Radek Bonk wins face-off versus Chad Larose in Rangers zone.
7:08 of 1st period - Slapshot by Ryan Whitney.
7:08 of 1st period - Stopped by Ryan Miller with a rebound.
7:10 of 1st period - Wrist shot by Jakob Silfverberg.
7:10 of 1st period - Stopped by Ryan Miller with a rebound.
7:49 of 1st period - Patrice Bergeron is hit by Shawn Thornton and loses puck.
8:03 of 1st period - Minor Penalty to Mike Cammalleri for Hooking.
8:04 of 1st period - Tim Connolly wins face-off versus Milan Lucic in Rangers zone.
8:17 of 1st period - Snap shot by Marian Gaborik.
8:17 of 1st period - Shot Blocked by Ryan Whitney.
10:03 of 1st period - Penalty to Mike Cammalleri is over, Mike Cammalleri is back on ice.
10:13 of 1st period - Alexandre Burrows is hit by Sami Kapanen and loses puck.
10:26 of 1st period - Snap shot by Jakob Silfverberg.
10:26 of 1st period - Stopped by Ryan Miller with a rebound.
10:30 of 1st period - Snap shot by Mike Cammalleri.
10:30 of 1st period - Stopped by Ryan Miller with a rebound.
10:32 of 1st period - Snap shot by Radek Bonk.
10:32 of 1st period - Shot Blocked by Kurt Sauer.
10:44 of 1st period - Minor Penalty to Valtteri Filppula for Tripping.
10:45 of 1st period - Milan Lucic wins face-off versus Saku Koivu in Rangers zone.
12:44 of 1st period - Penalty to Valtteri Filppula is over, Valtteri Filppula is back on ice.
12:58 of 1st period - Wrist shot by Patrice Bergeron.
12:58 of 1st period - Stopped by Ryan Miller without a rebound.
12:59 of 1st period - Frans Nielsen wins face-off versus Radek Bonk in Coyotes zone.
13:06 of 1st period - Jakob Silfverberg is hit by Andy Sutton and loses puck.
13:42 of 1st period - Wrist shot by Milan Lucic.
13:42 of 1st period - Shot Blocked by Shawn Thornton.
13:44 of 1st period - Slapshot by Cam Barker.
13:44 of 1st period - Shot Blocked by Kurt Sauer.
13:56 of 1st period - Tim Connolly is hit by Radek Bonk.
14:29 of 1st period - Off-side.
14:30 of 1st period - Saku Koivu wins face-off versus Valtteri Filppula in neutral zone.
14:40 of 1st period - Adrian Aucoin is hit by Cam Barker and loses puck.
15:15 of 1st period - Wrist shot by Matt Read.
15:15 of 1st period - Stopped by Ryan Miller without a rebound.
15:16 of 1st period - Tim Connolly wins face-off versus Brad Richards in Coyotes zone.
15:41 of 1st period - Kimmo Timonen is hit by Adrian Aucoin and loses puck.
15:52 of 1st period - Slapshot by Tyler Ennis.
15:52 of 1st period - Stopped by Henrik Lundqvist with a rebound.
15:59 of 1st period - Minor Penalty to Frans Nielsen for Tripping.
16:00 of 1st period - Brad Richards wins face-off versus Drew Miller in Coyotes zone.
17:59 of 1st period - Penalty to Frans Nielsen is over, Frans Nielsen is back on ice.
18:35 of 1st period - Wrist shot by Erik Cole.
18:35 of 1st period - Shot Blocked by Mark Fistric.
18:53 of 1st period - Radek Bonk is hit by Marian Gaborik and loses puck.
19:10 of 1st period - Marian Gaborik is hit by Valtteri Filppula and loses puck.
19:51 of 1st period - Snap shot by Sami Kapanen.
19:51 of 1st period - Stopped by Henrik Lundqvist without a rebound.
19:52 of 1st period - Patrice Bergeron wins face-off versus Saku Koivu in Rangers zone.
Goals for this period are 1 for Rangers vs 0 for Coyotes.
Shots for this period are 8 for Rangers vs 5 for Coyotes.
2nd period
0:01 of 2nd period - Brad Richards wins face-off versus Tim Connolly in neutral zone.
0:06 of 2nd period - Marian Gaborik is hit by Milan Lucic and loses puck.
0:36 of 2nd period - Denis Grebeshkov is hit by Mike Cammalleri.
1:02 of 2nd period - Minor Penalty to Radek Bonk for Holding.
1:03 of 2nd period - Tim Connolly wins face-off versus Milan Lucic in Rangers zone.
1:14 of 2nd period - Backhand shot by Marian Gaborik.
1:14 of 2nd period - Deflect By Milan Lucic.
1:14 of 2nd period - Stopped by Henrik Lundqvist with a rebound.
1:30 of 2nd period - Cam Barker is hit by Chris Stewart and loses puck.
2:07 of 2nd period - Cam Barker is hit by Adrian Aucoin and loses puck.
2:18 of 2nd period - Saku Koivu is hit by Patrice Bergeron and loses puck.
2:57 of 2nd period - Patrice Bergeron is hit by Erik Christensen and loses puck.
3:02 of 2nd period - Penalty to Radek Bonk is over, Radek Bonk is back on ice.
3:14 of 2nd period - Snap shot by Radek Bonk.
3:14 of 2nd period - Shot Misses the Net.
3:16 of 2nd period - Slapshot by Kimmo Timonen.
3:16 of 2nd period - Shot Misses the Net.
3:44 of 2nd period - Snap shot by Jakob Silfverberg.
3:44 of 2nd period - Shot Blocked by Frans Nielsen.
3:54 of 2nd period - Slapshot by Denis Grebeshkov.
3:54 of 2nd period - Stopped by Henrik Lundqvist without a rebound.
3:55 of 2nd period - Patrice Bergeron wins face-off versus Tim Connolly in Rangers zone.
4:00 of 2nd period - Marian Gaborik is hit by Cam Barker.
4:25 of 2nd period - Wrist shot by Brad Richards.
4:25 of 2nd period - Shot Misses the Net.
4:27 of 2nd period - Slapshot by Cam Barker.
4:27 of 2nd period - Stopped by Ryan Miller with a rebound.
4:29 of 2nd period - Wrist shot by Brad Richards.
4:29 of 2nd period - Stopped by Ryan Miller without a rebound.
4:30 of 2nd period - Alexandre Burrows wins face-off versus Tim Connolly in Coyotes zone.
5:00 of 2nd period - Wrist shot by Milan Lucic.
5:00 of 2nd period - Shot Blocked by Tyler Ennis.
5:06 of 2nd period - Wrist shot by Frans Nielsen.
5:06 of 2nd period - Shot Misses the Net.
5:24 of 2nd period - Snap shot by Mike Cammalleri.
5:24 of 2nd period - Deflect By Patrice Bergeron.
5:24 of 2nd period - Shot Misses the Net.
5:24 of 2nd period - Puck is out of play.
5:25 of 2nd period - Patrice Bergeron wins face-off versus Marian Gaborik in Coyotes zone.
5:38 of 2nd period - Slapshot by Patrice Bergeron.
5:38 of 2nd period - Shot Misses the Net.
5:40 of 2nd period - Snap shot by Mike Cammalleri.
5:40 of 2nd period - Stopped by Ryan Miller with a rebound.
5:50 of 2nd period - Cam Barker is hit by Frans Nielsen and loses puck.
6:19 of 2nd period - Kurt Sauer is hit by Alexandre Burrows.
6:41 of 2nd period - Slapshot by Sami Kapanen.
6:41 of 2nd period - Shot Blocked by Ryan Whitney.
6:53 of 2nd period - Slapshot by Kurt Sauer.
6:53 of 2nd period - Stopped by Henrik Lundqvist with a rebound.
6:55 of 2nd period - Wrist shot by Tim Connolly.
6:55 of 2nd period - Shot Blocked by Mike Cammalleri.
6:57 of 2nd period - Wrist shot by Tim Connolly.
6:57 of 2nd period - Shot Blocked by Matt Read.
6:59 of 2nd period - Snap shot by Anton Stralman.
6:59 of 2nd period - Stopped by Henrik Lundqvist with a rebound.
7:01 of 2nd period - Wrist shot by Marian Gaborik.
7:01 of 2nd period - Shot Blocked by Mike Cammalleri.
7:25 of 2nd period - Snap shot by Tim Connolly.
7:25 of 2nd period - Shot Hit the Post.
7:27 of 2nd period - Wrist shot by Tim Connolly.
7:27 of 2nd period - Shot Blocked by Cam Barker.
7:29 of 2nd period - Snap shot by Tim Connolly.
7:29 of 2nd period - Shot Hit the Post.
7:31 of 2nd period - Slapshot by Marian Gaborik.
7:31 of 2nd period - Goal by Marian Gaborik - Rangers : 1 - Coyotes : 1.
7:32 of 2nd period - Brad Richards wins face-off versus Frans Nielsen in neutral zone.
8:03 of 2nd period - Snap shot by Sergei Gonchar.
8:03 of 2nd period - Stopped by Henrik Lundqvist with a rebound.
8:13 of 2nd period - Snap shot by Tyler Ennis.
8:13 of 2nd period - Shot Misses the Net.
8:15 of 2nd period - Backhand shot by Chad Larose.
8:15 of 2nd period - Shot Blocked by Jakob Silfverberg.
8:17 of 2nd period - Wrist shot by Frans Nielsen.
8:17 of 2nd period - Shot Misses the Net.
8:19 of 2nd period - Wrist shot by Chad Larose.
8:19 of 2nd period - Shot Blocked by Kimmo Timonen.
8:21 of 2nd period - Wrist shot by Tyler Ennis.
8:21 of 2nd period - Shot Hit the Post.
8:23 of 2nd period - Slapshot by Sergei Gonchar.
8:23 of 2nd period - Stopped by Henrik Lundqvist with a rebound.
8:25 of 2nd period - Snap shot by Chad Larose.
8:25 of 2nd period - Shot Misses the Net.
8:27 of 2nd period - Slapshot by Andy Sutton.
8:27 of 2nd period - Shot Misses the Net.
8:29 of 2nd period - Snap shot by Tyler Ennis.
8:29 of 2nd period - Stopped by Henrik Lundqvist with a rebound.
8:31 of 2nd period - Snap shot by Frans Nielsen.
8:31 of 2nd period - Stopped by Henrik Lundqvist with a rebound.
8:41 of 2nd period - Wrist shot by Frans Nielsen.
8:41 of 2nd period - Shot Misses the Net.
8:43 of 2nd period - Wrist shot by Chad Larose.
8:43 of 2nd period - Stopped by Henrik Lundqvist without a rebound.
8:44 of 2nd period - Brad Richards wins face-off versus Tim Connolly in Rangers zone.
8:49 of 2nd period - Backhand shot by Ryan Whitney.
8:49 of 2nd period - Shot Blocked by Tim Connolly.
9:17 of 2nd period - Wrist shot by Patrice Bergeron.
9:17 of 2nd period - Stopped by Ryan Miller without a rebound.
9:18 of 2nd period - Saku Koivu wins face-off versus Patrice Bergeron in Coyotes zone.
9:23 of 2nd period - Wrist shot by Chris Stewart.
9:23 of 2nd period - Stopped by Henrik Lundqvist without a rebound.
9:24 of 2nd period - Saku Koivu wins face-off versus Matt Read in Rangers zone.
9:25 of 2nd period - Snap shot by Erik Cole.
9:25 of 2nd period - Stopped by Henrik Lundqvist without a rebound.
9:26 of 2nd period - Erik Cole wins face-off versus Patrice Bergeron in Rangers zone.
9:45 of 2nd period - Chris Stewart is hit by Matt Read and loses puck.
9:56 of 2nd period - Wrist shot by Patrice Bergeron.
9:56 of 2nd period - Stopped by Ryan Miller with a rebound.
9:58 of 2nd period - Wrist shot by Patrice Bergeron.
9:58 of 2nd period - Stopped by Ryan Miller with a rebound.
10:10 of 2nd period - Snap shot by Mike Cammalleri.
10:10 of 2nd period - Stopped by Ryan Miller with a rebound.
10:14 of 2nd period - Snap shot by Patrice Bergeron.
10:14 of 2nd period - Deflect By Matt Read.
10:14 of 2nd period - Stopped by Ryan Miller without a rebound.
10:15 of 2nd period - Brad Richards wins face-off versus Tim Connolly in Coyotes zone.
10:24 of 2nd period - Snap shot by Brad Richards.
10:24 of 2nd period - Stopped by Ryan Miller with a rebound.
10:26 of 2nd period - Slapshot by Brad Richards.
10:26 of 2nd period - Goal by Brad Richards - Rangers : 2 - Coyotes : 1.
10:27 of 2nd period - Brad Richards wins face-off versus Tim Connolly in neutral zone.
10:30 of 2nd period - Drew Miller is hit by Drew Stafford and loses puck.
10:39 of 2nd period - Slapshot by Brad Richards.
10:39 of 2nd period - Stopped by Ryan Miller without a rebound.
10:40 of 2nd period - Tim Connolly wins face-off versus Brad Richards in Coyotes zone.
11:34 of 2nd period - Wrist shot by Brad Richards.
11:34 of 2nd period - Stopped by Ryan Miller without a rebound.
11:35 of 2nd period - Tim Connolly wins face-off versus Brad Richards in Coyotes zone.
12:05 of 2nd period - Snap shot by Saku Koivu.
12:05 of 2nd period - Stopped by Henrik Lundqvist with a rebound.
12:43 of 2nd period - Shawn Thornton is hit by Valtteri Filppula and loses puck.
13:10 of 2nd period - Snap shot by Mike Cammalleri.
13:10 of 2nd period - Shot Misses the Net.
13:16 of 2nd period - Minor Penalty to Erik Christensen for Hooking.
13:17 of 2nd period - Brad Richards wins face-off versus Drew Miller in Coyotes zone.
13:20 of 2nd period - Snap shot by Brad Richards.
13:20 of 2nd period - Shot Misses the Net.
13:36 of 2nd period - Drew Miller is hit by Drew Stafford and loses puck.
15:16 of 2nd period - Penalty to Erik Christensen is over, Erik Christensen is back on ice.
15:28 of 2nd period - Snap shot by Erik Christensen.
15:28 of 2nd period - Shot Blocked by Kimmo Timonen.
15:41 of 2nd period - Minor Penalty to Radek Bonk for Roughing.
15:42 of 2nd period - Tim Connolly wins face-off versus Milan Lucic in Rangers zone.
16:30 of 2nd period - Minor Penalty to Matt Greene for Delaying the game.
16:31 of 2nd period - Tim Connolly wins face-off versus Milan Lucic in Rangers zone.
16:36 of 2nd period - Slapshot by Marian Gaborik.
16:36 of 2nd period - Stopped by Henrik Lundqvist with a rebound.
17:41 of 2nd period - Penalty to Radek Bonk is over, Radek Bonk is back on ice.
18:11 of 2nd period - Kimmo Timonen is hit by Saku Koivu and loses puck.
18:22 of 2nd period - Alexei Emelin is hit by Frans Nielsen and loses puck.
18:30 of 2nd period - Penalty to Matt Greene is over, Matt Greene is back on ice.
19:25 of 2nd period - Igor Radulov is hit by Tim Connolly.
19:53 of 2nd period - Snap shot by Matt Read.
19:53 of 2nd period - Deflect By Mike Cammalleri.
19:53 of 2nd period - Stopped by Ryan Miller without a rebound.
19:54 of 2nd period - Erik Christensen wins face-off versus Alexandre Burrows in Coyotes zone.
Goals for this period are 1 for Rangers vs 1 for Coyotes.
Shots for this period are 13 for Rangers vs 14 for Coyotes.
3rd period
0:01 of 3rd period - Brad Richards wins face-off versus Tim Connolly in neutral zone.
0:11 of 3rd period - Off-side.
0:12 of 3rd period - Tim Connolly wins face-off versus Brad Richards in neutral zone.
0:29 of 3rd period - Brad Richards is hit by Drew Miller and loses puck.
1:09 of 3rd period - Backhand shot by Jakob Silfverberg.
1:09 of 3rd period - Stopped by Ryan Miller without a rebound.
1:10 of 3rd period - Tim Connolly wins face-off versus Brad Richards in Coyotes zone.
1:10 of 3rd period - Tim Connolly is hit by Kimmo Timonen.
2:04 of 3rd period - Wrist shot by Patrice Bergeron.
2:04 of 3rd period - Goal by Patrice Bergeron - Rangers : 3 - Coyotes : 1.
2:05 of 3rd period - Brad Richards wins face-off versus Tim Connolly in neutral zone.
2:08 of 3rd period - Snap shot by Drew Stafford.
2:08 of 3rd period - Shot Blocked by Adrian Aucoin.
2:10 of 3rd period - Slapshot by Ryan Whitney.
2:10 of 3rd period - Shot Misses the Net.
2:12 of 3rd period - Slapshot by Ryan Whitney.
2:12 of 3rd period - Stopped by Ryan Miller without a rebound.
2:13 of 3rd period - Brad Richards wins face-off versus Tim Connolly in Coyotes zone.
3:02 of 3rd period - Erik Cole is hit by Alexandre Burrows.
3:10 of 3rd period - Cam Barker is hit by Erik Cole and loses puck.
3:18 of 3rd period - Icing by Cam Barker.
3:19 of 3rd period - Erik Christensen wins face-off versus Brad Richards in Rangers zone.
3:43 of 3rd period - Ryan Whitney is hit by Sami Kapanen and loses puck.
4:08 of 3rd period - Snap shot by Sami Kapanen.
4:08 of 3rd period - Stopped by Henrik Lundqvist with a rebound.
4:14 of 3rd period - Snap shot by Erik Christensen.
4:14 of 3rd period - Shot Misses the Net.
4:22 of 3rd period - Wrist shot by Erik Christensen.
4:22 of 3rd period - Stopped by Henrik Lundqvist with a rebound.
4:24 of 3rd period - Slapshot by Denis Grebeshkov.
4:24 of 3rd period - Stopped by Henrik Lundqvist without a rebound.
4:25 of 3rd period - Patrice Bergeron wins face-off versus Tim Connolly in Rangers zone.
4:32 of 3rd period - Slapshot by Kimmo Timonen.
4:32 of 3rd period - Deflect By Mike Cammalleri.
4:32 of 3rd period - Goal by Mike Cammalleri - Rangers : 4 - Coyotes : 1.
4:33 of 3rd period - Tim Connolly wins face-off versus Patrice Bergeron in neutral zone.
4:59 of 3rd period - Anton Stralman is hit by Radek Bonk and loses puck.
5:24 of 3rd period - Brad Richards is hit by Anton Stralman.
5:28 of 3rd period - Drew Stafford is hit by Saku Koivu and loses puck.
5:53 of 3rd period - Slapshot by Milan Lucic.
5:53 of 3rd period - Shot Misses the Net.
6:18 of 3rd period - Snap shot by Sami Kapanen.
6:18 of 3rd period - Stopped by Henrik Lundqvist without a rebound.
6:19 of 3rd period - Frans Nielsen wins face-off versus Brad Richards in Rangers zone.
6:44 of 3rd period - Andy Sutton is hit by Matt Greene and loses puck.
7:04 of 3rd period - Ryan Whitney is hit by Erik Cole.
7:28 of 3rd period - Wrist shot by Tyler Ennis.
7:28 of 3rd period - Shot Misses the Net.
7:30 of 3rd period - Slapshot by Chad Larose.
7:30 of 3rd period - Shot Blocked by Cam Barker.
7:43 of 3rd period - Off-side.
7:44 of 3rd period - Shawn Thornton wins face-off versus Brad Richards in neutral zone.
8:14 of 3rd period - Off-side.
8:15 of 3rd period - Tim Connolly wins face-off versus Milan Lucic in neutral zone.
8:40 of 3rd period - Patrice Bergeron is hit by Tyler Ennis.
8:44 of 3rd period - Denis Grebeshkov is hit by Mark Fistric and loses puck.
8:53 of 3rd period - Wrist shot by Tyler Ennis.
8:53 of 3rd period - Stopped by Henrik Lundqvist without a rebound.
8:54 of 3rd period - Brad Richards wins face-off versus Chris Stewart in Rangers zone.
9:03 of 3rd period - Slapshot by Ryan Whitney.
9:03 of 3rd period - Stopped by Ryan Miller without a rebound.
9:04 of 3rd period - Saku Koivu wins face-off versus Brad Richards in Coyotes zone.
9:22 of 3rd period - Wrist shot by Brad Richards.
9:22 of 3rd period - Stopped by Ryan Miller without a rebound.
9:23 of 3rd period - Patrice Bergeron wins face-off versus Tim Connolly in Coyotes zone.
9:48 of 3rd period - Brad Richards is hit by Chad Larose and loses puck.
10:08 of 3rd period - Off-side.
10:09 of 3rd period - Saku Koivu wins face-off versus Radek Bonk in neutral zone.
10:12 of 3rd period - Slapshot by Adrian Aucoin.
10:12 of 3rd period - Shot Blocked by Alexandre Burrows.
11:05 of 3rd period - Slapshot by Frans Nielsen.
11:05 of 3rd period - Shot Misses the Net.
11:11 of 3rd period - Minor Penalty to Mark Fistric for Interference.
11:12 of 3rd period - Milan Lucic wins face-off versus Tim Connolly in Rangers zone.
11:43 of 3rd period - Erik Christensen is hit by Ryan Whitney and loses puck.
13:11 of 3rd period - Penalty to Mark Fistric is over, Mark Fistric is back on ice.
13:20 of 3rd period - Mike Cammalleri is hit by Drew Miller and loses puck.
13:27 of 3rd period - Wrist shot by Drew Miller.
13:27 of 3rd period - Stopped by Henrik Lundqvist with a rebound.
13:29 of 3rd period - Slapshot by Frans Nielsen.
13:29 of 3rd period - Shot Blocked by Staffan Kronwall.
13:31 of 3rd period - Slapshot by Frans Nielsen.
13:31 of 3rd period - Goal by Frans Nielsen - Rangers : 4 - Coyotes : 2.
13:32 of 3rd period - Brad Richards wins face-off versus Marian Gaborik in neutral zone.
13:35 of 3rd period - Slapshot by Ryan Whitney.
13:35 of 3rd period - Stopped by Ryan Miller with a rebound.
13:59 of 3rd period - Ryan Whitney is hit by Adrian Aucoin and loses puck.
14:28 of 3rd period - Wrist shot by Erik Cole.
14:28 of 3rd period - Stopped by Henrik Lundqvist without a rebound.
14:29 of 3rd period - Brad Richards wins face-off versus Tim Connolly in Rangers zone.
14:36 of 3rd period - Wrist shot by Drew Stafford.
14:36 of 3rd period - Stopped by Ryan Miller without a rebound.
14:37 of 3rd period - Tim Connolly wins face-off versus Brad Richards in Coyotes zone.
14:48 of 3rd period - Snap shot by Drew Miller.
14:48 of 3rd period - Shot Blocked by Cam Barker.
14:52 of 3rd period - Slapshot by Tim Connolly.
14:52 of 3rd period - Stopped by Henrik Lundqvist with a rebound.
14:56 of 3rd period - Snap shot by Marian Gaborik.
14:56 of 3rd period - Shot Misses the Net.
15:36 of 3rd period - Snap shot by Marian Gaborik.
15:36 of 3rd period - Shot Misses the Net.
15:38 of 3rd period - Wrist shot by Tim Connolly.
15:38 of 3rd period - Shot Misses the Net.
15:40 of 3rd period - Wrist shot by Kurt Sauer.
15:40 of 3rd period - Goal by Kurt Sauer - Rangers : 4 - Coyotes : 3.
15:41 of 3rd period - Radek Bonk wins face-off versus Saku Koivu in neutral zone.
15:44 of 3rd period - Wrist shot by Radek Bonk.
15:44 of 3rd period - Stopped by Ryan Miller without a rebound.
15:45 of 3rd period - Radek Bonk wins face-off versus Saku Koivu in Coyotes zone.
16:15 of 3rd period - Snap shot by Jakob Silfverberg.
16:15 of 3rd period - Deflect By Alexandre Burrows.
16:15 of 3rd period - Stopped by Ryan Miller with a rebound.
16:17 of 3rd period - Slapshot by Matt Greene.
16:17 of 3rd period - Stopped by Ryan Miller without a rebound.
16:18 of 3rd period - Marian Gaborik wins face-off versus Valtteri Filppula in Coyotes zone.
16:47 of 3rd period - Snap shot by Denis Grebeshkov.
16:47 of 3rd period - Shot Blocked by Cam Barker.
16:49 of 3rd period - Wrist shot by Chad Larose.
16:49 of 3rd period - Shot Misses the Net.
16:51 of 3rd period - Slapshot by Kurt Sauer.
16:51 of 3rd period - Stopped by Henrik Lundqvist without a rebound.
16:52 of 3rd period - Saku Koivu wins face-off versus Radek Bonk in Rangers zone.
16:57 of 3rd period - Slapshot by Kimmo Timonen.
16:57 of 3rd period - Shot Blocked by Saku Koivu.
17:57 of 3rd period - Matt Read is hit by Drew Miller and loses puck.
18:10 of 3rd period - Snap shot by Marian Gaborik.
18:10 of 3rd period - Shot Misses the Net.
18:12 of 3rd period - Slapshot by Drew Miller.
18:12 of 3rd period - Stopped by Henrik Lundqvist with a rebound.
18:14 of 3rd period - Slapshot by Andy Sutton.
18:14 of 3rd period - Deflect By Tim Connolly.
18:14 of 3rd period - Stopped by Henrik Lundqvist without a rebound.
18:15 of 3rd period - Saku Koivu wins face-off versus Valtteri Filppula in Rangers zone.
19:06 of 3rd period - Tim Connolly is hit by Matt Greene and loses puck.
19:29 of 3rd period - Coyotes, Ryan Miller is pulled from the net.
19:45 of 3rd period - Wrist shot by Brad Richards.
19:45 of 3rd period - Goal by Brad Richards - Rangers : 5 - Coyotes : 3.
19:45 of 3rd period - Ryan Miller from Coyotes was sent back in the game.
19:46 of 3rd period - Saku Koivu wins face-off versus Brad Richards in neutral zone.
Goals for this period are 3 for Rangers vs 2 for Coyotes.
Shots for this period are 12 for Rangers vs 13 for Coyotes.
Output by the SimonT Hockey Simulator (STHS) for François Prévost -- Original Page W3C XHTML 1.0 Valid